 Dungeon Crawl Stone Soup version 0.31-a0-692-gf03d1854d5 (webtiles) character file.

Game seed: 6867418181508666561

1389 Essalna the Destroyer (level 8, -10/52 HPs)
             Began as a Demonspawn Conjurer on Sept 6, 2023.
             Mangled by a gnoll sergeant
             ... wielding a +0 trident
              (12 damage)
             ... on level 6 of the Dungeon on Sept 7, 2023.
             The game lasted 00:09:49 (5030 turns).

Essalna the Destroyer (Demonspawn Conjurer)         Turns: 5030, Time: 00:09:50

Health: -10/52     AC:  5    Str:  4    XL:     8   Next: 40%
Magic:  18/18      EV: 12    Int: 31    God:
Gold:   212        SH:  4    Dex: 13    Spells: 18/21 levels left

rFire   . . .        q - +6 great sword of Success {protect, rC+++ Will+ Str-3}
rCold   + + +        (shield currently unavailable)
rNeg    . . .        a - +0 robe
rPois   .            (helmet restricted)
rElec   .            (no cloak)
rCorr   .            (no gloves)
SInv    .            h - +2 pair of boots
Will    +....        (no amulet)
Stlth   ++           n - +6 ring of intelligence
HPRegen 0.28/turn    (no ring)
MPRegen 0.32/turn

%: no passive effects
@: no status effects
A: antennae 1, magic regeneration, big brain 2, condensation shield
a: no special abilities


You were on level 6 of the Dungeon.
You visited 1 branch of the dungeon, and saw 6 of its levels.

You collected 212 gold pieces.

Inventory:

Hand Weapons
 d - a +0 dagger
 q - the +6 great sword of Success (weapon) {protect, rC+++ Will+ Str-3}
   (You found it on level 3 of the Dungeon)

   Str-3:     It affects your strength (-3).
   rC+++:     It renders you almost immune to cold.
   Will+:     It increases your willpower.
Missiles
 u - 3 throwing nets
Armour
 a - a +0 robe (worn)
 h - a +2 pair of boots (worn)
Jewellery
 f - a +6 ring of dexterity
 n - a +6 ring of intelligence (left hand)
 x - a ring of protection from cold
Scrolls
 c - a scroll of poison
 i - a scroll of brand weapon {unknown}
 l - 2 scrolls of teleportation
 s - a scroll of vulnerability
Potions
 b - 3 potions of magic
 e - 3 potions of curing
 g - 3 potions of brilliance
 k - a potion of lignification
 o - 2 potions of haste
 r - a potion of attraction
 t - a potion of heal wounds
 v - 2 potions of cancellation
 w - 2 potions of ambrosia {unknown}


   Skills:
 - Level 1.7 Dodging
 - Level 1.7 Stealth
 + Level 7.0 Spellcasting
 + Level 8.4 Conjurations


You had 18 spell levels left.
You knew the following spells:

 Your Spells              Type           Power      Damage    Failure   Level
a - Magic Dart            Conj           100%       1d8       1%          1
b - Searing Ray           Conj           100%       2d8       1%          2

Your spell library contained the following spells:

 Spells                   Type           Power      Damage    Failure   Level
 Momentum Strike          Conj/Tloc      74%        3d10      1%          2
 Dazzling Flash           Conj/Hex       74%        N/A       2%          3
 Blink                    Tloc           20%        N/A       7%          2
 Lesser Beckoning         Tloc           20%        N/A       7%          2
 Wereblood                Tmut           10%        N/A       7%          2
 Flame Wave               Conj/Fire      37%        2d10      8%          4
 Fulminant Prism          Conj/Hex       18%        3d10      8%          4
 Iskenderun's Mystic Bla  Conj/Tloc      37%        2d9       8%          4
 Sticky Flame             Conj/Fire      37%        2d6       8%          4
 Inner Flame              Hex/Fire       10%        N/A       13%         3
 Irradiate                Conj/Tmut      18%        3d17      22%         5


Dungeon Overview and Level Annotations

Branches:
Dungeon (6/15)
 Temple: D:4-7

Altars:
Dithmenos
Makhleb
Sif Muna


Innate Abilities, Weirdness & Mutations

You have a pair of small antennae on your head.
You regenerate magic rapidly.
You have an extremely huge brain. (Int +4)
A meltable shield of frost defends you. (SH +4)


Message History

Unknown command.
Unknown command.
Unknown command.
Unknown command.
Welcome back, Essalna the Demonspawn Conjurer.
Press ? for a list of commands and other information.
HP restored.
u - 3 throwing nets (gained 1) Done exploring.
Done exploring.
Done exploring.
Done exploring.
Done exploring.
Done exploring.
Done exploring.
Done exploring.
Done exploring.
Done exploring.
There is a stone staircase leading down here.
You climb downwards.
The gnoll sergeant shouts!
There is a stone staircase leading up, spattered with blood here.
The gnoll sergeant misses you.
The gnoll sergeant hits you from afar with a +0 trident!
The gnoll sergeant hits you from afar with a +0 trident!
The gnoll sergeant hits you from afar with a +0 trident!
The gnoll sergeant hits you from afar with a +0 trident!
The gnoll sergeant hits you from afar with a +0 trident.
You block the gnoll sergeant's attack. The gnoll sergeant barely misses you.
The gnoll sergeant hits you from afar with a +0 trident.
The gnoll sergeant hits you from afar with a +0 trident.
* * * LOW HITPOINT WARNING * * *
The gnoll sergeant hits you from afar with a +0 trident!
* * * LOW HITPOINT WARNING * * *
The gnoll sergeant completely misses you.
The gnoll sergeant hits you from afar with a +0 trident.
* * * LOW HITPOINT WARNING * * *
The gnoll sergeant hits you from afar with a +0 trident!
You die...

#.#..## ##...>.####
#^........##
#.........#
####........# .
##...........##
..###.............###
$.........#.........###
##.....@†............
###..............##.
.###...g......#....##
...<.....#...##...##
......#.####......#
....###.#####......#
...###....# #...[....
.#. #[.#......#..##...
. #..#.........# #...


You could see a gnoll sergeant.

Vanquished Creatures
  The ghost of Scrael the Digger, a novice DsGl of Okawaru (D:5)
  Sigmund (D:4)
  A black bear (D:4)
  An ice beast (D:5)
  A sky beast (D:6)
  An ogre (D:5)
  A phantom (D:5)
  2 scorpions (D:5)
  2 quasits (D:5)
  A hound (D:4)
  A jelly (D:4)
  An orc priest (D:5)
  An iguana (D:5)
  An orc wizard (D:5)
  4 gnolls (D:5)
  8 adders
  A shadow imp (D:5)
  2 worms
  5 dart slugs
  9 orcs
  3 ball pythons
  2 bats (D:2)
  4 endoplasms
  5 giant cockroaches
  6 goblins
  4 hobgoblins
  9 kobolds
  4 quokkas
  8 frilled lizards
  4 rats
94 creatures vanquished.

Notes
Turn   | Place    | Note
-------+----------+-------------------------------------------
     0 | D:1      | Essalna the Demonspawn Conjurer began the quest for the
                  | Orb.
     0 | D:1      | Reached XP level 1. HP: 13/13 MP: 3/3
   251 | D:1      | Found a faded altar of an unknown god.
   414 | D:1      | Gained mutation: You have an unusually large brain. (Int
                  | +2) [demonic ancestry]
   414 | D:1      | Reached XP level 2. HP: 17/19 MP: 0/5
  1426 | D:2      | Reached XP level 3. HP: 24/24 MP: 5/7
  1953 | D:2      | Reached XP level 4. HP: 30/30 MP: 2/8
  2110 | D:2      | Reached skill level 5 in Conjurations
  2585 | D:3      | Learned a level 2 spell: Searing Ray
  2786 | D:3      | Identified the +6 great sword of Success {protect, rC+++
                  | Will+ Str-3}
  2836 | D:3      | Found a burning altar of Makhleb.
  2880 | D:3      | Found a shimmering blue altar of Sif Muna.
  3062 | D:4      | Gained mutation: You regenerate magic rapidly. [demonic
                  | ancestry]
  3062 | D:4      | Reached XP level 5. HP: 35/35 MP: 4/10
  3162 | D:4      | Noticed a black bear
  3168 | D:4      | Killed a black bear
  3320 | D:4      | Found a shadowy altar of Dithmenos.
  3343 | D:4      | Gained mutation: You have an extremely huge brain. (Int +4)
                  | [demonic ancestry]
  3343 | D:4      | Reached XP level 6. HP: 41/41 MP: 12/12
  3387 | D:4      | Noticed Sigmund
  3394 | D:4      | Killed Sigmund
  3395 | D:4      | Reached skill level 6 in Conjurations
  3775 | D:5      | Entered Level 5 of the Dungeon
  3783 | D:5      | Reached skill level 5 in Spellcasting
  3784 | D:5      | Gained mutation: You have a pair of small antennae on your
                  | head. [demonic ancestry]
  3784 | D:5      | Reached XP level 7. HP: 44/46 MP: 9/14
  3903 | D:5      | Found a transporter.
  3905 | D:5      | Noticed Scrael's ghost (novice DsGl)
  3922 | D:5      | Reached skill level 7 in Conjurations
  4341 | D:5      | Found a transporter.
  4655 | D:5      | Killed Scrael's ghost
  4656 | D:5      | Reached skill level 8 in Conjurations
  4656 | D:5      | Gained mutation: A meltable shield of frost defends you.
                  | (SH +4) [demonic ancestry]
  4656 | D:5      | Reached XP level 8. HP: 21/52 MP: 16/18
  4970 | D:5      | Upgraded the game from 0.31-a0-690-g7ce4588941 to
                  | 0.31-a0-692-gf03d1854d5
  5029 | D:6      | HP: 2/52 [gnoll sergeant/+0 trident (4)]
  5030 | D:6      | Mangled by a gnoll sergeant

Illustrated notes

Levels and vault maps discovered:
D:1:      saegor_arrival_simple_c, layout_loops_corners,
          hellmonk_ecumenical_altar_zigzags, hangedman_decor_growths
D:2:      layout_rooms, nrook_loot_triangle
D:3:      layout_basic, nicolae_sif_muna_little_library,
          nicolae_overflow_hidden_temple
D:4:      layout_basic, grunt_dithmenos_smoke, minmay_temple_entry_from_below_a,
          minmay_starry_boxes, uniq_edmund, uniq_sigmund
D:5:      layout_basic, gammafunk_ghost_stat_death
D:6:      layout_cave_pools, serial_gnoll_camp, gnoll_camp_mini_hut,
          gnoll_camp_huts_moat, gnoll_camp_mini_basic, gnoll_camp_mini_hut,
          gnoll_camp_mini_hut, nicolae_shop_distant_corner_stores,
          grunt_ministairs_1

Skill      XL: |  1  2  3  4  5  6  7  8 |
---------------+-------------------------+-----
Spellcasting   | 3 4 5 6 7 |  7.0
Conjurations   | 5 6 8 |  8.4
Dodging        | |  1.7
Stealth        | |  1.7

Action                     |  1- 3 |  4- 6 |  7- 9 || total
---------------------------+-------+-------+-------++-------
  Melee: Dagger            |     7 |       |       ||     7
         Great sword       |       |    18 |    41 ||    59
   Cast: Magic Dart        |    77 |    64 |    38 ||   179
         Searing Ray       |       |     3 |     3 ||     6
    Use: Scroll            |       |       |    16 ||    16
   Stab: Sleeping          |       |     1 |     1 ||     2
 Armour: Robe              |     7 |    15 |    53 ||    75
  Dodge: Dodged            |     8 |    15 |    53 ||    76
  Block: Other             |       |       |     2 ||     2

Table legend: (Time is in decaauts)
 A = Elapsed time spent in this place.
 B = Non-inter-level travel time spent in this place.
 C = Inter-level travel time spent in this place.
 D = Time resting spent in this place.
 E = Time spent auto-exploring this place.
 F = Levels seen in this place.
 G = Mean time per level.
                   A        B        C        D        E       F      G
               +--------+--------+--------+--------+--------+-----+--------+
         Total |   5069 |   4938 |    131 |      0 |   4294 |   6 |  844.8 |
       Dungeon |   5069 |   4938 |    131 |      0 |   4294 |   6 |  844.8 |
               +--------+--------+--------+--------+--------+-----+--------+

Top non-repeatable levels by time:
     D:1: 1266 daAuts
     D:5: 1121 daAuts
     D:2: 1003 daAuts
     D:4: 880 daAuts
     D:3: 633 daAuts
     D:6: 164 daAuts
